 Dungeon Crawl Stone Soup version 0.21.1-1-g345015f (webtiles) character file.

13493 troglodite the Carver (level 11, -4/87 HPs)
             Began as a Demonspawn Berserker on July 31, 2018.
             Was a High Priest of Trog.
             Killed from afar by a gargoyle (17 damage)
             ... with a stone arrow
             ... in a labyrinth.
             The game lasted 00:33:46 (11296 turns).

troglodite the Carver (Demonspawn Berserker)       Turns: 11296, Time: 00:33:46

Health: -4/87      AC: 26    Str: 18    XL:     11   Next: 76%
Magic:  11/11      EV:  9    Int: 13    God:    Trog [*****.]
Gold:   536        SH: 10    Dex: 15    Spells: 10/10 levels left

rFire    . . .     SeeInvis .   K - +10 falchion of Outrage {drain, *Corrode +Blink +Inv MR+}
rCold    . . .     Gourm    .   E - +0 shield
rNeg     . . .     Faith    .   y - +0 chain mail (curse)
rPois    .         Spirit   .   g - +0 helmet
rElec    .         Reflect  .   o - +0 cloak
rCorr    .         Harm     .   (no gloves)
MR       +....                  b - +2 pair of boots
Stlth    ..........             (no amulet)
HPRegen  0.24/turn              G - +4 ring of intelligence
MPRegen  0.12/turn              (no ring)

@: sanguine armour, berserk cooldown, slowed, very slow
A: talons 2, powered by death 1, sanguine armour 2
a: Berserk, Trog's Hand, Brothers in Arms, Burn Spellbooks, Renounce Religion,
Evoke Blink, Evoke Invisibility


You were in a labyrinth.
You worshipped Trog.
Trog was extremely pleased with you.
You were not hungry.

You visited 1 branch of the dungeon, and saw 11 of its levels.
You also visited: Labyrinth.

You collected 536 gold pieces.

Inventory:

Hand Weapons
 d - a +2 falchion of flaming
 A - a +2 scimitar
 K - the +10 falchion of Outrage (weapon) {drain, *Corrode +Blink +Inv MR+}
   (Trog gifted it to you on level 9 of the Dungeon)

   A truly terrible weapon, it drains the life of those it strikes.
   It affects your resistance to hostile enchantments.
   It lets you turn invisible.
   It lets you blink.
   It may corrode you when you take damage.
Armour
 b - a +2 pair of boots (worn)
 g - a +0 helmet (worn)
 o - a +0 cloak (worn)
 y - a cursed +0 chain mail (worn)
 E - a +0 shield (worn)
Jewellery
 G - a +4 ring of intelligence (left hand)
Wands
 n - a wand of flame (27)
 v - a wand of iceblast (10)
 F - a wand of random effects (35)
 I - a wand of disintegration (15)
Scrolls
 a - 2 scrolls of remove curse {unknown}
 i - 4 scrolls of teleportation {unknown}
 j - 11 scrolls of identify {unknown}
 l - a scroll of fog {unknown}
 p - 3 scrolls of immolation {unknown}
 r - 2 scrolls of enchant weapon {unknown}
 t - 2 scrolls of fear {unknown}
 x - 2 scrolls of blinking {unknown}
 z - a scroll of vulnerability {unknown}
 D - a scroll of amnesia {unknown}
 M - 2 scrolls of enchant armour {unknown}
Potions
 e - 3 potions of degeneration {unknown}
 f - 4 potions of curing {unknown}
 h - a potion of magic {unknown}
 k - 4 potions of heal wounds {unknown}
 s - a potion of haste {unknown}
 u - 3 potions of flight {unknown}
 w - 2 potions of cancellation {unknown}
 C - a potion of agility {unknown}
 H - a potion of lignification {unknown}
 J - a potion of ambrosia {unknown}
Books
 m - a book of Air

   Spells                             Type                      Level
   a - Shock                          Conjuration/Air              1
   b - Swiftness                      Charms/Air                   2
   c - Static Discharge               Conjuration/Air              3
   d - Airstrike                      Air                          4
   e - Lightning Bolt                 Conjuration/Air              5
   Trog disapproves of the use of such an item.
 B - a book of Necromancy

   Spells                             Type                      Level
   a - Pain                           Necromancy                   1
   b - Animate Skeleton               Necromancy                   1
   c - Vampiric Draining              Necromancy                   3
   d - Regeneration                   Charms/Necromancy            3
   e - Animate Dead                   Necromancy                   4
   f - Borgnjor's Vile Clutch         Necromancy/Earth             5
   Trog disapproves of the use of such an item.
 L - a book of Clouds

   Spells                             Type                      Level
   a - Poisonous Vapours              Poison/Air                   2
   b - Mephitic Cloud                 Conjuration/Poison/Air       3
   c - Conjure Flame                  Conjuration/Fire             3
   d - Freezing Cloud                 Conjuration/Ice/Air          6
   e - Ring of Flames                 Charms/Fire                  7
   Trog disapproves of the use of such an item.
Comestibles
 c - 23 rations
 q - 7 chunks of flesh


   Skills:
 * Level 8.8 Fighting
 + Level 9.8 Long Blades
 * Level 8.4 Armour
 * Level 7.0 Dodging
 + Level 1.7 Stealth
 * Level 6.8 Shields


You had 10 spell levels left.
You didn't know any spells.

Dungeon Overview and Level Annotations

Branches:
Dungeon (11/15)            Temple (0/1) D:6            Lair (0/6) D:11
    Orc (0/2) D:10

Altars:
Elyvilon
Fedhas
Gozag
Kikubaaqudgha
Nemelex Xobeh
Trog
Uskayaw
Vehumet
Wu Jian
Xom
Yredelemnul
Zin
The Shining One

Shops:
D:9 (


Innate Abilities, Weirdness & Mutations

You have razor-sharp toenails.
You regenerate a little health from kills.
When seriously injured, your bleeding wounds create thick armour. (AC +9)


Message History

A gargoyle is nearby!
The gargoyle hurls a stone arrow at you.
The stone arrow hits you!
You barely miss the gargoyle. The gargoyle closely misses you.
You closely miss the gargoyle.
The gargoyle hurls a stone arrow at you.
The stone arrow hits you!
You hit the gargoyle.
The gargoyle is moderately damaged.
The gargoyle barely misses you.
You hit the gargoyle.
The gargoyle is moderately damaged.
The gargoyle hurls a stone arrow at you.
The stone arrow hits you!
* * * LOW HITPOINT WARNING * * *
You closely miss the gargoyle.
The gargoyle is moderately damaged.
The gargoyle hurls a stone arrow at you.
The stone arrow hits you!
You die...

## ..
.####### # #
. .#.. . #
#.### #..##
.# .
#....#...# #
#.##
#9@..###.# #
#. .
###)......#
..
#)##.#.#####
# # #.)..##
# ....# # #
#.#.#.# # .
). ...#..
..#. ##.###
#.# # # #.#
. .. # # ##
## # #


You could see a gargoyle.

Vanquished Creatures
  The ghost of nicolaieve the Basher, a novice MiBe of Trog (D:9)
  A two-headed ogre (D:8)
  An unseen horror (D:9)
  A centaur zombie (D:11)
  Maurice (D:10)
  The ghost of nicolaieve the Basher, a novice MiBe of Trog (D:7)
  3 gargoyles (Lab)
  A hippogriff (D:9)
  Sigmund (D:2)
  A wyvern (D:9)
  2 hogs (D:10)
  A shadow (D:11)
  4 vampires
  The ghost of SeriousVitamin the Slasher, an amateur HOFi (D:3)
  A human (D:10)
  12 yaks
  A hungry ghost (D:7)
  A steam dragon (D:9)
  A warg (D:10)
  2 water moccasins (D:10)
  4 porcupines (D:11)
  2 orc warriors
  4 ice beasts
  2 sky beasts
  2 black bears
  4 ogres
  A phantom (D:5)
  5 centaurs
  3 crocodiles
  A gnoll sergeant (D:7)
  A wyvern zombie (D:9)
  5 bullfrogs
  4 killer bees (D:9)
  3 jellies
  4 scorpions
  11 wights
  4 howler monkeys
  5 crimson imps
  A bullfrog zombie (D:11)
  3 hounds
  A quasit (D:10)
  A bullfrog skeleton (D:4)
  7 orc priests
  Crazy Yiuf (D:2)
  A centaur skeleton (D:9)
  6 iguanas
  Natasha (D:3)
  20 orc wizards
  5 worker ants
  Robin (D:2)
  3 worker ant zombies
  14 gnolls
  13 adders
  2 shadow imps
  An adder zombie (D:9)
  3 worms
  3 dart slugs
  5 leopard geckos
  42 orcs
  10 bats
  7 giant cockroaches
  19 goblins
  7 hobgoblins
  11 jackals
  8 kobolds
  8 quokkas
  2 ball pythons
  5 frilled lizards
  A leopard gecko zombie (D:6)
  A quokka zombie (D:8)
  11 rats
327 creatures vanquished.

Vanquished Creatures (others)
  A bush (D:11)
  A fungus (D:11)
  3 plants (D:11)
5 creatures vanquished.

Grand Total: 332 creatures vanquished

Notes
Turn   | Place    | Note
-------+----------+-------------------------------------------
     0 | D:1      | troglodite the Demonspawn Berserker began the quest for the Orb.
     0 | D:1      | Reached XP level 1. HP: 18/18 MP: 1/1
    75 | D:1      | Gained mutation: You regenerate a little health from kills. [demonic ancestry]
    75 | D:1      | Reached XP level 2. HP: 24/24 MP: 2/2
   244 | D:1      | Reached XP level 3. HP: 20/29 MP: 3/3
   422 | D:1      | Reached ** piety under Trog
   972 | D:1      | Reached skill level 3 in Long Blades
  1145 | D:2      | Found a glowing golden altar of the Shining One.
  1452 | D:2      | Found a shimmering altar of Xom.
  1458 | D:2      | Found a glowing golden altar of the Shining One.
  1458 | D:2      | Found an ornate altar of the Wu Jian Council.
  1460 | D:2      | Found an ornate altar of the Wu Jian Council.
  1460 | D:2      | Found an opulent altar of Gozag.
  1460 | D:2      | Found a glowing silver altar of Zin.
  1501 | D:2      | Noticed Robin
  1503 | D:2      | Gained mutation: You have sharp toenails. [demonic ancestry]
  1503 | D:2      | Reached XP level 4. HP: 35/35 MP: 4/4
  1509 | D:2      | Killed Robin
  1651 | D:2      | Found a sparkling altar of Nemelex Xobeh.
  1841 | D:2      | Found a white marble altar of Elyvilon.
  1850 | D:2      | Reached *** piety under Trog
  1899 | D:2      | Noticed Sigmund
  1911 | D:2      | Killed Sigmund
  1911 | D:2      | Reached skill level 4 in Long Blades
  1911 | D:2      | Reached skill level 1 in Stealth
  1911 | D:2      | Reached XP level 5. HP: 42/42 MP: 5/5
  2132 | D:2      | Gained mutation: When seriously injured, your bleeding wounds create armour. (AC +9) [demonic ancestry]
  2132 | D:2      | Reached XP level 6. HP: 43/48 MP: 6/6
  2181 | D:2      | Found a runed door.
  2347 | D:2      | Noticed Crazy Yiuf
  2351 | D:2      | Killed Crazy Yiuf
  2816 | D:3      | Noticed SeriousVitamin's ghost (amateur HOFi)
  2832 | D:3      | Killed SeriousVitamin's ghost
  2862 | D:3      | Noticed Natasha
  2871 | D:3      | Killed Natasha
  2922 | D:3      | Reached XP level 7. HP: 55/55 MP: 7/7
  3028 | D:3      | Found an ancient bone altar of Kikubaaqudgha.
  3217 | D:4      | Found an opulent altar of Gozag.
  3249 | D:4      | Reached skill level 5 in Long Blades
  3254 | D:4      | Reached skill level 5 in Fighting
  3566 | D:4      | Reached **** piety under Trog
  3826 | D:4      | Reached XP level 8. HP: 63/63 MP: 8/8
  4328 | D:5      | Entered Level 5 of the Dungeon
  4437 | D:5      | Reached skill level 6 in Long Blades
  4597 | D:5      | Found a bloodstained altar of Trog.
  5116 | D:5      | Found a glowing silver altar of Zin.
  5123 | D:5      | Found an ornate altar of the Wu Jian Council.
  5123 | D:5      | Found a hide-covered altar of Uskayaw.
  5453 | D:5      | Reached skill level 1 in Shields
  5492 | D:5      | Found a radiant altar of Vehumet.
  6209 | D:6      | Gained mutation: When seriously injured, your bleeding wounds create thick armour. (AC +9) [demonic ancestry]
  6209 | D:6      | Reached XP level 9. HP: 69/69 MP: 9/9
  6215 | D:6      | Reached skill level 7 in Long Blades
  6215 | D:6      | Reached skill level 5 in Armour
  6252 | D:6      | Found a staircase to the Ecumenical Temple.
  6283 | D:6      | Reached ***** piety under Trog
  6421 | D:6      | Got a scorched long sword
  6844 | D:7      | Reached skill level 5 in Dodging
  7135 | D:7      | Received a gift from Trog
  7263 | D:7      | Found a blossoming altar of Fedhas.
  7615 | D:7      | Noticed nicolaieve's ghost (novice MiBe)
  7629 | D:7      | Killed nicolaieve's ghost
  7629 | D:7      | Reached skill level 8 in Long Blades
  7629 | D:7      | Gained mutation: You have razor-sharp toenails. [demonic ancestry]
  7629 | D:7      | Reached XP level 10. HP: 79/79 MP: 10/10
  7996 | D:8      | Noticed a two-headed ogre
  8011 | D:8      | Killed a two-headed ogre
  8174 | D:8      | Found a basalt altar of Yredelemnul.
  8631 | D:9      | Found Zaliunio's Weapon Emporium.
  8803 | D:9      | Noticed nicolaieve's ghost (novice MiBe)
  8838 | D:9      | Killed nicolaieve's ghost
  9137 | D:9      | Reached skill level 5 in Shields
  9585 | D:9      | Received a gift from Trog
  9597 | D:9      | Got a shimmering falchion {god gift}
  9611 | D:9      | Identified the +10 falchion of Outrage {drain, *Corrode +Blink +Inv MR+} (Trog gifted it to you on level 9 of the Dungeon)
  9701 | D:9      | Killed an unseen horror
  9701 | D:9      | Reached XP level 11. HP: 54/86 MP: 11/11
 10107 | D:10     | Entered Level 10 of the Dungeon
 10107 | D:10     | Found a staircase to the Orcish Mines.
 10225 | D:10     | Reached skill level 9 in Long Blades
 10263 | D:10     | Noticed Maurice
 10278 | D:10     | Killed Maurice
 11016 | D:11     | Found a staircase to the Lair.
 11024 | D:11     | Found a labyrinth entrance.
 11210 | Lab      | Entered a labyrinth
 11296 | Lab      | Killed from afar by a gargoyle

Skill      XL: |  1  2  3  4  5  6  7  8  9 10 11 |
---------------+----------------------------------+-----
Dodging        | 2 3 4 5 6 7 |  7.0
Armour         | 2 3 4 6 7 8 |  8.4
Long Blades    | 3 4 5 6 8 9 |  9.8
Fighting       | 4 5 6 7 8 |  8.8
Stealth        | 1 |  1.7
Shields        | 2 3 5 6 |  6.8

Action                   |  1- 3 |  4- 6 |  7- 9 | 10-12 || total
-------------------------+-------+-------+-------+-------++-------
Melee: Falchion          |   114 |   126 |   667 |   507 ||  1414
       Kick              |       |    12 |       |       ||    12
Invok: Berserk           |     2 |     5 |    13 |    12 ||    32
  Use: Potion            |       |       |       |     1 ||     1
 Stab: Sleeping          |     3 |     2 |       |       ||     5
  Eat: Chunk             |     4 |    10 |    28 |    24 ||    66
       Ration            |       |       |     1 |       ||     1
Armor: Animal skin       |    20 |     4 |       |       ||    24
       Ring mail         |       |    35 |   111 |       ||   146
       Chain mail        |       |       |   235 |   288 ||   523
Dodge: Dodged            |    86 |    84 |   314 |   130 ||   614
Block: Buckler           |       |       |    85 |       ||    85
       Shield            |       |       |     4 |   245 ||   249
       Rpst.: Falchion   |    24 |    27 |    80 |    42 ||   173
